 Dungeon Crawl Stone Soup version 0.30.1-4-g462c640d31 (webtiles) character file.

Game seed: 808085017633793540

4921 wingedge the Changer (level 10, -1/83 HPs)
             Began as a Demigod Wanderer on Aug 20, 2023.
             Slain by a large slime creature (32 damage)
             ... on level 12 of the Dungeon.
             The game lasted 00:52:37 (10424 turns).

wingedge the Changer (Demigod Wanderer)            Turns: 10424, Time: 00:52:38

Health: -1/83      AC: 11    Str: 23    XL:     10   Next: 7%
Magic:  16/16      EV: 12    Int: 32    God:
Gold:   163        SH:  0    Dex: 15    Spells: 5/13 levels left

rFire   . . .        U - +7 long sword "Rulengu" {freeze, Int+2 Dex+3}
rCold   . . .        (no shield)
rNeg    . . .        o - +3 ring mail
rPois   .            D - melded +0 helmet
rElec   .            R - +1 cloak {rCorr}
rCorr   +            (no gloves)
SInv    +            f - melded +2 pair of boots
Will    +++..        (no amulet)
Stlth   ++           T - +6 ring of strength
HPRegen 0.33/turn    N - ring "Zutoesant" {Will++ Int+7 SInv}
MPRegen 0.15/turn

%: no passive effects
@: appendages
A: horns 2, talons 2, high MP 1, forlorn, divine attributes
a: End Transformation


You were on level 12 of the Dungeon.
You had temporarily grown beastly horns and talons.
You visited 1 branch of the dungeon, and saw 10 of its levels.
You also visited: Ossuary.

You collected 523 gold pieces.
You spent 360 gold pieces at shops.

Inventory:

Hand Weapons
 a - a +2 short sword of speed
 h - a +1 dagger of holy wrath
 w - a +0 vampiric short sword
 H - a +4 scimitar of flaming
 U - the +7 long sword "Rulengu" (weapon) {freeze, Int+2 Dex+3}
   (You found it on level 12 of the Dungeon)

   Int:       It affects your intelligence (+2).
   Dex:       It affects your dexterity (+3).
Missiles
 e - 19 poisoned darts
 i - 2 javelins
 k - 3 boomerangs of dispersal (quivered)
 G - a throwing net
 K - 9 boomerangs
Armour
 f - a +2 pair of boots (melded)
 n - a +1 scale mail of fire resistance
 o - a +3 ring mail (worn)
 D - a +0 helmet (melded)
 R - a +1 cloak of preservation (worn)
Magical Staves
 m - a staff of cold
 y - a staff of poison
Jewellery
 B - a ring of poison resistance
 C - a +6 ring of dexterity
 N - the ring "Zutoesant" (right hand) {Will++ Int+7 SInv}
   (You found it on level 7 of the Dungeon)

   [ring of see invisible]

   Int:       It affects your intelligence (+7).
   SInv:      It lets you see invisible.
   Will:      It greatly increases your willpower.
 T - a +6 ring of strength (left hand)
Wands
 p - a wand of charming (3)
 v - a wand of acid (8)
 A - a wand of mindburst (10)
 O - a wand of flame (21)
Scrolls
 b - a scroll of teleportation
 c - 3 scrolls of fog
 d - 5 scrolls of fear
 r - a scroll of brand weapon
 t - 4 scrolls of poison
 u - 3 scrolls of silence {unknown}
 z - 3 scrolls of noise {unknown}
 F - a scroll of blinking {unknown}
 J - a scroll of vulnerability
 L - 2 scrolls of enchant armour {unknown}
 Q - 2 scrolls of magic mapping {unknown}
Potions
 g - a potion of degeneration {unknown}
 j - 8 potions of curing {unknown}
 l - 3 potions of cancellation {unknown}
 q - 2 potions of might {unknown}
 s - 3 potions of mutation {unknown}
 x - a potion of magic {unknown}
 E - a potion of flight {unknown}
 I - 4 potions of heal wounds {unknown}
 M - 3 potions of attraction {unknown}
 P - a potion of resistance {unknown}
 S - a potion of ambrosia {unknown}


   Skills:
 + Level 6.0 Fighting
 - Level 3.7(4.2) Short Blades
 * Level 2.8(3.7) Long Blades
 - Level 2.0 Throwing
 + Level 4.4 Armour
 - Level 4.0 Dodging
 - Level 4.0 Stealth
 * Level 5.4 Unarmed Combat
 - Level 2.0 Spellcasting
 * Level 7.5 Transmutations


You had 5 spell levels left.
You knew the following spells:

 Your Spells              Type           Power      Damage    Failure   Level
a - Beastly Appendage     Tmut           100%       N/A       1%          1
b - Wereblood             Tmut           50%        N/A       1%          2
c - Blade Hands           Tmut           25%        N/A       13%         5

Your spell library contained the following spells:

 Spells                   Type           Power      Damage    Failure   Level
 Apportation              Tloc           6%         N/A       11%         1
 Magic Dart               Conj           12%        1d3       11%         1
 Slow                     Hex            12%        N/A       11%         1
 Ignite Poison            Fire/Tmut/Pois 19%        N/A       11%         3
 Call Imp                 Summ           6%         N/A       16%         2
 Confusing Touch          Hex            3%         N/A       30%         3
 Mephitic Cloud           Conj/Pois/Air  3%         N/A       30%         3
 Vampiric Draining        Necr           3%         2d6       30%         3
 Alistair's Intoxication  Tmut/Pois      18%        N/A       52%         5
 Animate Armour           Summ/Erth      6%         N/A       71%         4
 Iron Shot                Conj/Erth      1%         9d1       100%        6


Dungeon Overview and Level Annotations

Branches:
Dungeon (9/15)             Temple (0/1) D:5         Ossuary (visited)
   Lair: D:8-11         Orc: D:9-12

Shops:
D:4 :

Annotations:
D:3 3 runed translucent doors, sunglassesatnite's ghost, amateur MiBe


Innate Abilities, Weirdness & Mutations

You have temporarily grown beastly horns and talons.
You have an increased reservoir of magic. (+10% MP)
You shall have no god before yourself.
Your divine heritage dramatically boosts your attributes as you level up.


Message History

The slime creature is lightly wounded.
The slime creature hits you.
You hit the slime creature. You freeze the slime creature.
The slime creature is lightly wounded.
The slime creature hits you but does no damage.
You barely miss the slime creature. You claw the slime creature!
You headbutt the slime creature!
The slime creature is moderately wounded.
The slime creature closely misses you.
Two slime creatures merge to form a large slime creature.
You slash the large slime creature! You freeze the large slime creature!
Your kick misses the large slime creature.
The large slime creature is moderately wounded.
The large slime creature hits you!!
Press: ? - help, v - describe, . - travel
Here: a large slime creature (moderately wounded)
The floor.
Unknown command.
Aiming: Charm
Press: ? - help, Shift-Dir - straight line, f - large slime creature
Aim: a large slime creature (moderately wounded, chance to affect: 31%)
Okay, then.
You slash the large slime creature! You freeze the large slime creature.
Your kick misses the large slime creature.
Your headbutt misses the large slime creature.
The large slime creature is heavily wounded.
The large slime creature hits you!!
You hit the large slime creature. You freeze the large slime creature.
You claw the large slime creature. You headbutt the large slime creature!
The large slime creature is severely wounded.
The large slime creature hits you but does no damage.
You hit the large slime creature. You freeze the large slime creature.
You headbutt the large slime creature.
The large slime creature is severely wounded.
The large slime creature hits you!
You hit the large slime creature. You freeze the large slime creature.
You claw the large slime creature, but do no damage.
The large slime creature is severely wounded.
The large slime creature hits you!!
You die...

### ...
####.####...
#.........# #@#
#J# #.# #.# #.# .
#.#############..#
#......J..........
########.##.###.##
###.##.###.#


You could see a large slime creature.

Vanquished Creatures
  Erica (D:8)
  Maurice (D:8)
  4 yaks (D:8)
  Grum (D:8)
  A steam dragon (D:7)
  A water moccasin (D:8)
  2 sky beasts
  2 ice beasts
  A black bear (D:6)
  An ogre (D:6)
  2 wolves
  2 centaurs (D:8)
  2 phantoms (D:6)
  7 elf zombies (Ossuary)
  2 bullfrogs
  A gnoll sergeant (D:8)
  A scorpion (D:6)
  2 howler monkeys
  3 centaur zombies (Ossuary)
  2 gnoll boudas
  4 orc priests
  3 hounds
  4 jellies
  A sleepcap (D:7)
  2 iguanas
  2 human zombies (Ossuary)
  4 orc wizards
  3 mummies (Ossuary)
  17 gnolls
  7 adders
  A shadow imp (D:6)
  2 white imps
  An ufetubus (D:4)
  3 worms
  13 dart slugs
  41 orcs
  3 bats
  9 endoplasms
  A giant cockroach (D:1)
  11 hobgoblins
  7 jackals
  9 kobolds
  3 quokkas
  8 ball pythons
  4 frilled lizards
  6 goblins
  3 rats
211 creatures vanquished.

Vanquished Creatures (collateral kills)
  An ogre (D:6)
  A gnoll (D:6)
2 creatures vanquished.

Grand Total: 213 creatures vanquished

Notes
Turn   | Place    | Note
-------+----------+-------------------------------------------
     0 | D:1      | wingedge the Demigod Wanderer began the quest for the Orb.
     0 | D:1      | wingedge set off with the following items: a +0 falchion, a
                  | +0 ring mail, a scroll of fog; and the following spell
                  | memorised: Beastly Appendage; and the following spells
                  | available to memorise: Wereblood, Ignite Poison.
     0 | D:1      | Reached XP level 1. HP: 17/17 MP: 4/4
   303 | D:1      | Reached skill level 2 in Transmutations
   326 | D:1      | Reached XP level 2. HP: 19/24 MP: 3/5
   919 | D:1      | Reached XP level 3. HP: 30/30 MP: 4/6
  2160 | D:3      | Reached skill level 1 in Stealth
  2160 | D:3      | Reached XP level 4. HP: 12/37 MP: 6/8
  2287 | D:3      | Reached skill level 1 in Unarmed Combat
  2317 | D:3      | Reached skill level 1 in Dodging
  2407 | D:3      | Learned a level 2 spell: Wereblood
  2687 | D:3      | Reached XP level 5. HP: 44/44 MP: 5/9
  2996 | D:3      | Found a runed translucent gate.
  2999 | D:3      | Found a runed translucent gate.
  3002 | D:3      | Found a runed translucent gate.
  3004 | D:3      | Noticed sunglassesatnite's ghost (amateur MiBe)
  3513 | D:4      | Reached skill level 3 in Transmutations
  3995 | D:4      | Found Ekoph's Book Boutique.
  4619 | D:4      | Reached XP level 6. HP: 46/51 MP: 5/10
  4626 | D:4      | Reached skill level 1 in Short Blades
  4685 | D:5      | Entered Level 5 of the Dungeon
  5189 | D:5      | Found a staircase to the Ecumenical Temple.
  5262 | D:5      | Reached skill level 4 in Transmutations
  5386 | D:5      | Reached XP level 7. HP: 57/57 MP: 7/11
  6453 | D:6      | Reached XP level 8. HP: 67/67 MP: 9/12
  6532 | D:6      | Reached skill level 5 in Transmutations
  6730 | D:6      | Reached skill level 5 in Fighting
  7120 | D:7      | Reached skill level 6 in Transmutations
  7287 | D:7      | Identified the ring "Zutoesant" {Will++ Int+7 SInv}
  7554 | D:7      | Found a sand-covered staircase.
  7579 | Ossuary  | Entered an ossuary
  7801 | Ossuary  | Reached XP level 9. HP: 73/74 MP: 14/14
  8442 | D:4      | Bought a book of Iron for 360 gold pieces
  8448 | D:4      | Learned a level 5 spell: Blade Hands
  8730 | D:8      | Noticed Grum
  9105 | D:8      | Noticed Maurice
  9119 | D:8      | Killed Maurice
  9120 | D:8      | Reached skill level 1 in Throwing
  9454 | D:8      | Noticed Erica
  9475 | D:8      | Killed Erica
  9476 | D:8      | Reached skill level 5 in Unarmed Combat
  9476 | D:8      | Reached skill level 7 in Transmutations
  9834 | D:8      | Killed Grum
  9846 | D:8      | Reached XP level 10. HP: 57/83 MP: 16/16
 10277 | D:9      | You fall into a shaft and drop 3 floors!
 10413 | D:12     | Identified the +7 long sword "Rulengu" {freeze, Int+2
                  | Dex+3}
 10424 | D:12     | Slain by a large slime creature

Illustrated notes

Levels and vault maps discovered:
D:1:      dpeg_arrival_round_b, layout_loops_corners
D:2:      layout_loops_cross, ebering_ecumenical_altar_petrified,
          grunt_ministairs_15, grunt_decor_mini_mirrors, dk_noncrumbling_3,
          guppyfry_early_lair_pool
D:3:      layout_loops_corners, mainiacjoe_overflow_surrounded_room,
          gammafunk_ghost_necromancy
D:4:      layout_loops_corners, nicolae_sif_muna_condensation, serial_shops,
          kennysheep_little_box, reono_crystal_passage,
          minmay_misc_feat_diagonals
D:5:      kennysheep_slugbush, layout_cave_pools,
          mainiacjoe_overflow_cross_hatched, minmay_temple_entry_mist
D:6:      layout_gridville, fedhas_altar_2, kennysheep_slug_shrine,
          old_standard_altar, mainiacjoe_overflow_brackets, minivault_11,
          roderic_serpentine_path
D:7:      layout_basic, nicolae_ossuary_entry_false_entrances,
          minmay_misc_feat_cross, eino_tiny_chamber
D:8:      layout_loops_corners, kennysheep_generic_room_10, uniq_erica,
          uniq_grum, uniq_maurice
D:9:      minmay_the_grid_triangle_9x9_recursive_2_mashed
          [minmay_the_grid_triangle_9x9_prize_top_heavy,
          minmay_the_grid_triangle_9x9_sprig,
          minmay_the_grid_triangle_9x9_shrine,
          minmay_the_grid_triangle_9x9_pentomino_pain], layout_basic,
          lemuel_doored_altar, mainiacjoe_overflow_large_starburst,
          minmay_lair_entry_grove, minmay_misc_feat_five, uniq_psyche
D:12:     layout_basic, special_room [special_room_orc], uniq_kirke

Skill      XL: |  1  2  3  4  5  6  7  8  9 10 |
---------------+-------------------------------+-----
Fighting       | 2 3 4 5 6 |  6.0
Long Blades    | 2 |  2.8
Transmutations | 2 3 4 6 7 |  7.5
Armour         | 3 4 |  4.4
Stealth        | 1 2 3 4 |  4.0
Unarmed Combat | 1 2 3 5 |  5.4
Dodging        | 1 2 3 4 |  4.0
Short Blades   | 1 2 3 |  3.7
Spellcasting   | 2 |  2.0
Throwing       | 2 |  2.0

Action                     |  1- 3 |  4- 6 |  7- 9 | 10-12 || total
---------------------------+-------+-------+-------+-------++-------
  Melee: Falchion          |    36 |       |       |       ||    36
         Kick              |    20 |    59 |   155 |     7 ||   241
         Dagger            |    82 |    75 |   164 |       ||   321
         Headbutt          |     6 |    38 |   101 |     7 ||   152
         Punch             |     1 |     5 |    11 |       ||    17
         Short sword       |       |   192 |   286 |       ||   478
         Scimitar          |       |       |    23 |    10 ||    33
         Long sword        |       |       |       |     8 ||     8
  Throw: Dart              |       |     5 |       |       ||     5
         Javelin           |       |     1 |     2 |       ||     3
         Throwing net      |       |       |     1 |       ||     1
   Cast: Beastly Appendage |    28 |    47 |    48 |     3 ||   126
         Wereblood         |       |    15 |    37 |     1 ||    53
  Evoke: Wand              |       |       |     6 |       ||     6
    Use: Scroll            |       |       |     6 |       ||     6
   Stab: Sleeping          |       |       |     1 |       ||     1
 Armour: Ring mail         |    20 |    75 |   130 |     4 ||   229
  Dodge: Dodged            |    45 |   107 |   181 |     8 ||   341
